 Dungeon Crawl Stone Soup version 0.16.2-12-gd0ad4c3 (webtiles) character file.

1533 Gravoth the Spear-Bearer (level 9, -6/64 HPs)
             Began as a Human Chaos Knight on Oct 23, 2015.
             Mangled by an ogre
             ... wielding a +0 giant club
              (15 damage)
             ... on level 6 of the Dungeon.
             The game lasted 00:43:43 (6027 turns).

Gravoth the Spear-Bearer (Human Chaos Knight)       Turns: 6027, Time: 00:43:43

Health: -6/64      AC:  8    Str: 16    XL:     9   Next: 10%
Magic:  9/9        EV: 11    Int: 12    God:    Xom [..*...]
Gold:   453        SH:  0    Dex: 13    Spells: 0 memorised, 8 levels left

rFire  + . .     SeeInvis .     a - +1 spear (chaos)
rCold  + . .     Clarity  .     y - +2 leather armour {rF+}
rNeg   . . .     SustAb   .     (no shield)
rPois  +         Gourm    .     (helmet restricted)
rElec  .         Spirit   .     (no cloak)
rCorr  .         Warding  .     e - +2 pair of gloves
rMut   .         Stasis   .     (no boots)
MR     .....                    (no amulet)
Stlth  +.........               x - ring of protection from cold
                                n - ring of poison resistance

@: not resistant to hostile enchantments, very unstealthy
A: antennae 1, wild magic 1
a: Renounce Religion


You were on level 6 of the Dungeon.
You worshipped Xom.
You were a toy of Xom.
You were hungry.

You visited 1 branch of the dungeon, and saw 7 of its levels.

You collected 453 gold pieces.

Inventory:

Hand weapons
 a - a +1 spear of chaos (weapon)
Armour
 b - a +2 leather armour
 e - a +2 pair of gloves (worn)
 h - a +0 large shield
 m - a +0 plate armour
 y - a +2 leather armour of fire resistance (worn)
Jewellery
 n - a ring of poison resistance (left hand)
 x - a ring of protection from cold (right hand)
Magical devices
 k - a wand of teleportation (0)
 p - a wand of magic darts (43)
Scrolls
 f - a scroll of recharging
 g - a scroll of fog {unknown}
 i - 9 scrolls of remove curse
 j - 6 scrolls of identify
 o - a scroll of fear {unknown}
Potions
 q - a potion of flight
 r - a potion of might
 t - a potion of lignification {unknown}
Comestibles
 c - 6 bread rations
 d - 2 meat rations
 l - a beef jerky
 s - a chunk of flesh


   Skills:
 - Level 3.2 Fighting
 + Level 11.0 Polearms
 - Level 2.1 Armour
 - Level 1.0 Dodging
 - Level 0.2 Shields


You had 8 spell levels left.
You didn't know any spells.

Dungeon Overview and Level Annotations

Branches:
Dungeon (7/15)             Temple (0/1) D:6

Altars:
Ashenzari
Cheibriados
Gozag
Makhleb
Nemelex Xobeh
Qazlal
Ru
Yredelemnul
Zin

Shops:
D:4 }   D:6 }


Innate Abilities, Weirdness & Mutations

You have a pair of small antennae on your head.
Your spells are a little harder to cast, but a little more powerful.


Message History

The ogre is lightly wounded.
The ogre hits you with a giant club.
You hit the ogre.
The ogre flickers and vanishes!
Deactivating autopickup; reactivate with Ctrl-A.
You puncture something! Something hits you!!
As you open the door, it creaks loudly! Something barely misses you.
You hear a shout!
Something hits you!
* * * LOW HITPOINT WARNING * * *
There is an open door here.
Something hits you!
* * * LOW HITPOINT WARNING * * *
Xom is highly amused!
Drink which item? (? for menu, Esc to quit)
You feel much better. Something hits you!!
* * * LOW HITPOINT WARNING * * *
Drink which item? (? for menu, Esc to quit)
You feel better. Something hits you!
You die...

#.......# #########.#####.# #####
##### #............##.# #...#
#.... #............##.######...#
#.... #............##.....##...#
#....
#.....###....#...........###....
#........>...'.............'....
#.........####{..........##'....
####......####.@(......./#......
#..................####......
#####.......####...#.....##......
......###......#.(.#.....##......
......# #......+.........++......
......# #......#...#.....##......
......# #......#...#.(...####'###
......###.######...#.....#...).##
......#.....####...#...(.....#.##


There were no monsters in sight!

Vanquished Creatures
  A spider (D:2)
  2 ogres
  A sky beast (D:5)
  Duvessa (D:5)
  2 giant frogs
  2 scorpions (D:4)
  Dowan (D:5)
  A crimson imp (D:6)
  6 orc priests
  3 hounds
  A jelly (D:5)
  2 goliath beetles (D:6)
  5 orc wizards
  5 worker ants
  Terence (D:2)
  8 gnolls
  5 adders
  3 giant mites
  8 worms
  An adder skeleton (D:6)
  An adder zombie (D:5)
  An ooze (D:1)
  12 orcs
  10 bats
  A giant cockroach (D:3)
  9 goblins
  12 hobgoblins
  8 jackals
  12 kobolds
  3 quokkas
  A ball python (D:2)
  5 giant geckos
  3 giant newts
  10 rats
147 creatures vanquished.

Vanquished Creatures (others)
  A plant (D:3)
1 creature vanquished.

Grand Total: 148 creatures vanquished

Notes
Turn   | Place    | Note
--------------------------------------------------------------
     0 | D:1      | Gravoth, the Human Chaos Knight, began the quest for the Orb.
     0 | D:1      | Reached XP level 1. HP: 18/18 MP: 1/1
    29 | D:1      | XOM: butterfly on damage
   121 | D:1      | Reached XP level 2. HP: 22/24 MP: 2/2
   557 | D:2      | Found an opulent altar of Gozag.
   637 | D:2      | XOM: harmless Air miscast
   660 | D:2      | Reached XP level 3. HP: 19/29 MP: 3/3
   794 | D:2      | Found a basalt altar of Yredelemnul.
   796 | D:2      | XOM: potion effect (haste)
   814 | D:2      | Reached skill level 4 in Polearms
   974 | D:2      | Noticed a spider
   974 | D:2      | a rat changed into a spider
   996 | D:2      | Killed a spider
   996 | D:2      | Reached skill level 5 in Polearms
   996 | D:2      | Reached XP level 4. HP: 27/35 MP: 4/4
   996 | D:2      | Reached XP level 5. HP: 31/41 MP: 5/5
  1061 | D:2      | Noticed Terence
  1108 | D:2      | XOM: harmless Tloc miscast
  1112 | D:2      | Killed Terence
  1190 | D:2      | XOM: mild Tloc miscast
  1401 | D:2      | Found a sparkling altar of Nemelex Xobeh.
  1657 | D:3      | Reached skill level 6 in Polearms
  1657 | D:3      | Reached XP level 6. HP: 47/47 MP: 6/6
  1726 | D:3      | Found a shattered altar of Ashenzari.
  1731 | D:3      | Saw a vision of the Swamp and the Snake Pit.
  1731 | D:3      | Noticed an anaconda
  1731 | D:3      | Noticed an alligator
  1731 | D:3      | Noticed a naga ritualist
  1731 | D:3      | Noticed an alligator
  1731 | D:3      | Noticed a mana viper
  1731 | D:3      | Noticed a black mamba
  1732 | D:3      | Noticed a swamp drake
  1733 | D:3      | Noticed an alligator
  1869 | D:3      | XOM: potion effect (berserk rage)
  1874 | D:3      | XOM: harmless Air miscast
  2144 | D:4      | XOM: harmless Pois miscast
  2446 | D:4      | Reached skill level 7 in Polearms
  2450 | D:4      | XOM: potion effect (heal wounds)
  2454 | D:4      | XOM: potion effect (haste)
  2477 | D:3      | Reached XP level 7. HP: 40/52 MP: 7/7
  2533 | D:4      | XOM: silly message
  2815 | D:4      | Found Schios' Gadget Shop.
  3143 | D:4      | XOM: potion effect (berserk rage)
  3269 | D:4      | XOM: harmless Air miscast
  3298 | D:4      | Reached skill level 8 in Polearms
  3358 | D:4      | XOM: harmless Conj miscast
  3413 | D:5      | Entered Level 5 of the Dungeon
  3554 | D:5      | Noticed Dowan
  3555 | D:5      | Noticed Duvessa
  3839 | D:5      | Found a stormy altar of Qazlal.
  3863 | D:5      | XOM: potion effect (haste)
  4062 | D:5      | Reached XP level 8. HP: 47/58 MP: 8/8
  4138 | D:5      | Killed Duvessa
  4138 | D:5      | Reached skill level 9 in Polearms
  4147 | D:5      | Killed Dowan
  4192 | D:5      | XOM: mild Trmt miscast
  4329 | D:5      | XOM: butterfly on damage
  4330 | D:5      | XOM: butterfly on damage
  4333 | D:5      | XOM: silly message
  4445 | D:4      | XOM: harmless Divn miscast
  4551 | D:4      | XOM: harmless Necr miscast
  4556 | D:4      | XOM: give mutations
  4556 | D:4      | Gained mutation: Your spells are a little harder to cast, but a little more powerful. [Xom's grace]
  4556 | D:4      | Gained mutation: You have a pair of small antennae on your head. [Xom's grace]
  4844 | D:5      | Found a glowing silver altar of Zin.
  4897 | D:5      | Found a burning altar of Makhleb.
  4963 | D:5      | Reached skill level 10 in Polearms
  5049 | D:5      | XOM: 1-stop teleportation journey
  5087 | D:5      | Found a stormy altar of Qazlal.
  5145 | D:5      | Found a sacrificial altar of Ru.
  5283 | D:5      | XOM: god gift: wide metal-bound book {god gift}
  5423 | D:6      | Found a staircase to the Ecumenical Temple.
  5443 | D:6      | XOM: colour smoke trail
  5612 | D:6      | XOM: divination: detect items
  5616 | D:6      | XOM: summons friendly crimson imp
  5668 | D:6      | XOM: polymorph crimson imp -> crimson imp
  5724 | D:6      | Reached XP level 9. HP: 57/64 MP: 9/9
  5776 | D:6      | Found Yptafas' Gadget Boutique.
  5884 | D:6      | XOM: divination: detect creatures
  5925 | D:6      | Found a snail-covered altar of Cheibriados.
  5964 | D:6      | XOM: cast spell 'Blink'
  5968 | D:6      | Reached skill level 11 in Polearms
  6025 | D:6      | HP: 2/64 [something (17)]
  6027 | D:6      | Mangled by an ogre

Action                   |  1- 3 |  4- 6 |  7- 9 || total
-------------------------+-------+-------+-------++-------
Melee: Spear             |   125 |   273 |   488 ||   886
  Use: Scroll            |     2 |       |    10 ||    12
       Potion            |       |     1 |     7 ||     8
 Stab: Paralysed         |       |     3 |     2 ||     5
       Confused          |       |     1 |     2 ||     3
       Petrifying        |       |       |     1 ||     1
       Sleeping          |       |       |     1 ||     1
  Eat: Chunk             |       |     6 |     7 ||    13
       Beef jerky        |       |       |     1 ||     1
       Meat ration       |       |       |     1 ||     1
